 Dungeon Crawl Stone Soup version 0.27-a0-1200-g94dc6ad4cf (webtiles) character file.

Game seed: 4364107121757629081

11 polve the Chopper (level 2, -2/22 HPs)
             Began as a Demonspawn Gladiator on May 30, 2021.
             Succumbed to a kobold's poison
             ... on level 1 of the Dungeon.
             The game lasted 00:00:50 (481 turns).

polve the Chopper (Demonspawn Gladiator)             Turns: 481, Time: 00:00:51

Health: -2/22      AC:  4    Str: 14    XL:     2   Next: 17%
Magic:  2/2        EV: 12    Int:  9    God:
Gold:   31         SH:  0    Dex: 14    Spells: 1/1 levels left

rFire    . . .     SeeInvis .   a - +0 war axe
rCold    . . .     Faith    .   (no shield)
rNeg     . . .     Spirit   .   b - +0 leather armour
rPois    .         Reflect  .   c - +0 helmet
rElec    .         Harm     .   (no cloak)
rCorr    .         Rampage  .   (no gloves)
Will     .....                  (no boots)
Stlth    +.........             (no amulet)
HPRegen  0.07/turn              (no ring)
MPRegen  0.16/turn              (no ring)

@: lethally poisoned (-2 -> -24)
A: magic regeneration
a: no special abilities


You were on level 1 of the Dungeon.
You visited 1 branch of the dungeon, and saw 1 of its levels.

You collected 31 gold pieces.

Inventory:

Hand Weapons
 a - a +0 war axe (weapon)
Missiles
 d - 3 throwing nets (quivered)
Armour
 b - a +0 leather armour (worn)
 c - a +0 helmet (worn)
Scrolls
 f - a scroll of teleportation {unknown}
 g - a scroll of identify {unknown}
 i - 2 scrolls of fog {unknown}
 j - a scroll of magic mapping {unknown}
Potions
 e - a potion of flight {unknown}
 h - a potion of mutation {unknown}


   Skills:
 - Level 2.0 Fighting
 + Level 3.3 Axes
 - Level 1.7 Throwing
 - Level 2.6 Dodging


You had one spell level left.
You didn't know any spells.
Your spell library was empty.

Dungeon Overview and Level Annotations

Branches:
Dungeon (1/15)

Altars:


Innate Abilities, Weirdness & Mutations

You regenerate magic rapidly.


Message History

The bat hits you but does no damage. The bat misses you.
The bat barely misses you. The bat misses you. The bat barely misses you.
The bat hits you. The bat barely misses you.
You are too injured to fight recklessly!
You are too injured to fight recklessly!
You are too injured to fight recklessly!
You are too injured to fight recklessly!
You are too injured to fight recklessly!
You are too injured to fight recklessly!
You are too injured to fight recklessly!
You are too injured to fight recklessly!
You are too injured to fight recklessly!
You are too injured to fight recklessly!
A bat is nearby!
A bat is nearby!
The bat hits you. The bat hits you but does no damage.
A kobold comes into view. It is wielding a +2 dagger of venom.
The bat closely misses you. The bat barely misses you.
The kobold shouts!
The bat hits you but does no damage. x2
The bat barely misses you. The bat hits you. The kobold barely misses you.
The bat closely misses you.
The kobold hits you with a +2 dagger of venom.
You are lethally poisoned!
The bat closely misses you.
You feel very sick. The bat barely misses you.
The bat hits you but does no damage.
The kobold hits you with a +2 dagger of venom.
You are more poisoned.
The bat closely misses you.
* * * LOW HITPOINT WARNING * * *
You feel very sick. The bat barely misses you.
The kobold hits you with a +2 dagger of venom.
* * * LOW HITPOINT WARNING * * *
You are more poisoned.
You die...

##.## #.# #.## # #..#
.# ##.# #.# #.## #..
#..## ##.#
###...#########.##
................@#
###...###########K..#
#......# ...#
#..###.# ...# ##..#
#.# #.## ##...###.#
.# ...#..##.# .#
##....##.# .#
...#..##.#


You could see a kobold.

Vanquished Creatures
  A dart slug (D:1)
  A goblin (D:1)
  A quokka (D:1)
  A bat (D:1)
  3 frilled lizards (D:1)
  3 kobolds (D:1)
  A rat (D:1)
11 creatures vanquished.

Notes
Turn   | Place    | Note
-------+----------+-------------------------------------------
     0 | D:1      | polve the Demonspawn Gladiator began the quest for the Orb.
     0 | D:1      | Reached XP level 1. HP: 16/16 MP: 1/1
    67 | D:1      | Reached skill level 3 in Axes
   153 | D:1      | Found a faded altar of an unknown god.
   162 | D:1      | Gained mutation: You regenerate magic rapidly. [demonic
                  | ancestry]
   162 | D:1      | Reached XP level 2. HP: 19/22 MP: 2/2
   481 | D:1      | Succumbed to a kobold's poison

Illustrated notes

Levels and vault maps discovered:
D:1:      minmay_arrival_stair_chambers, layout_loops_corners,
          hellmonk_ecumenical_altar_arch_garden, st_stairs_8, minmay_unequal

Skill      XL: |  1 |
---------------+----+-----
Axes           | 3 |  3.3
Fighting       | |  2.0
Throwing       | |  1.7
Dodging        | |  2.6

Action                   || total
-------------------------++-------
Melee: War axe           ||    28
Armor: Leather armour    ||    53
Dodge: Dodged            ||   127

Table legend: (Time is in decaauts)
 A = Elapsed time spent in this place.
 B = Non-inter-level travel time spent in this place.
 C = Inter-level travel time spent in this place.
 D = Time resting spent in this place.
 E = Time spent auto-exploring this place.
 F = Levels seen in this place.
 G = Mean time per level.
                   A        B        C        D        E       F      G
               +--------+--------+--------+--------+--------+-----+--------+
         Total |    490 |    490 |      0 |      0 |    283 |   1 |  490.0 |
       Dungeon |    490 |    490 |      0 |      0 |    283 |   1 |  490.0 |
               +--------+--------+--------+--------+--------+-----+--------+

Top non-repeatable levels by time:
     D:1: 490 daAuts
